 Dungeon Crawl Stone Soup version 0.29-a0-664-gff9cad4a3d (webtiles) character file.

Game seed: 8421130299556935537

39245 wilfster70 the Frost Mage (level 14, -1/103 (106) HPs)
             Began as a Gnoll Ice Elementalist on June 22, 2022.
             Was an Elder of Ashenzari.
             Collided with a briar patch (14 damage)
             ... caused by a swamp worm
             ... on level 4 of the Lair of Beasts.
             The game lasted 01:17:34 (14836 turns).

wilfster70 the Frost Mage (Gnoll Ice Elementalist) Turns: 14836, Time: 01:17:35

HP:   -1/103 (106)  AC: 12    Str:  7    XL:     14   Next: 5%
MP:   28/28         EV: 21    Int: 19    God:    Ashenzari [****..]
Gold: 1164          SH:  9    Dex: 19    Spells: 24/33 levels left

rFire   + . .      SeeInvis +   a - +8 flail "Demonbane" {flame, rPois Dex+5}
rCold   + + .      Faith    .   d - +1 buckler "Chained Omission" {Bglg, Cun} (curse)
rNeg    + . .      Spirit   .   I - +2 robe of Ashenzari's Burden {rC+ rF+, Melee, Evo} (curse)
rPois   +          Reflect  .   l - +1 helmet of Supernal Wisdom {Melee, Fort} (curse)
rElec   .          Harm     .   y - +1 cloak of Ashenzari's Discomfort {rPois, Cun, Fort} (curse)
rCorr   .          Rampage  .   j - +0 pair of gloves "Gaze Upon Infinity" {Elem, Evo} (curse)
Will    +....      Clarity  +   (no boots)
Stlth   +++++.....              i - amulet of Curses and Power {Regen+, Elem, Fort} (curse)
HPRegen 1.07/turn               A - ring of Curses and Power {rC+, Bglg, Fort} (curse)
MPRegen 0.21/turn               f - ring of positive energy

@: about to teleport, lightly drained
A: fangs 1, strong nose, distributed training
a: Renounce Religion, Shatter the Chains


You were on level 4 of the Lair of Beasts.
You worshipped Ashenzari.
Ashenzari was greatly pleased with you.
You visited 3 branches of the dungeon, and saw 15 of its levels.
You also visited: Ice Cave and Volcano.

You collected 1164 gold pieces.

Inventory:

Hand Weapons
 a - the +8 flail "Demonbane" (weapon) {flame, rPois Dex+5}
   (You found it on level 4 of the Lair of Beasts)

   It burns those it strikes, dealing additional fire damage.
   Dex:       It affects your dexterity (+5).
   rPois:     It protects you from poison.
 b - a +3 hunting sling of venom
 F - a +0 demon trident of flaming
Missiles
 m - 63 poisoned darts
 q - 2 silver javelins
 D - 12 curare-tipped darts
Armour
 d - the cursed +1 buckler "Chained Omission" (worn) {Bglg, Cun}
   (You found it on level 1 of the Dungeon)

   It has a curse which improves the following skills: Beguiling: Conjurations,
   Hexes and Translocations.
   Cunning:   Dodging and Stealth.
 j - the cursed +0 pair of gloves "Gaze Upon Infinity" (worn) {Elem, Evo}
   (You found it on level 1 of the Dungeon)

   It has a curse which improves the following skills: Elements: Fire Magic, Ice
   Magic, Air Magic and Earth Magic.
   Evocations: Evocations.
 l - the cursed +1 helmet of Supernal Wisdom (worn) {Melee, Fort}
   (You found it on level 2 of the Dungeon)

   It has a curse which improves the following skills: Melee Combat: Short
   Blades, Long Blades, Axes, Maces & Flails, Polearms, Staves and Unarmed
   Combat.
   Fortitude: Armour and Shields.
 y - the cursed +1 cloak of Ashenzari's Discomfort (worn) {rPois, Cun, Fort}
   (You acquired it on level 5 of the Dungeon)

   It has a curse which improves the following skills: Cunning: Dodging and
   Stealth.
   Fortitude: Armour and Shields.
 I - the cursed +2 robe of Ashenzari's Burden (worn) {rC+ rF+, Melee, Evo}
   (You found it in an ice cave)

   It has a curse which improves the following skills: Melee Combat: Short
   Blades, Long Blades, Axes, Maces & Flails, Polearms, Staves and Unarmed
   Combat.
   Evocations: Evocations.
Magical Staves
 O - a staff of death
 S - a staff of earth
Jewellery
 f - a ring of positive energy (right hand)
 i - the cursed amulet of Curses and Power (around neck) {Regen+, Elem, Fort}
   (You found it on level 1 of the Dungeon)

   [amulet of regeneration]

   Regen:     It increases your rate of health regeneration.
   It has a curse which improves the following skills: Elements: Fire Magic, Ice
   Magic, Air Magic and Earth Magic.
   Fortitude: Armour and Shields.
 w - a ring of magical power
 A - the cursed ring of Curses and Power (left hand) {rC+, Bglg, Fort}
   (You found it on level 6 of the Dungeon)

   [ring of protection from cold]

   rC:        It protects you from cold.
   It has a curse which improves the following skills: Beguiling: Conjurations,
   Hexes and Translocations.
   Fortitude: Armour and Shields.
 J - a ring of magical power
Wands
 c - a wand of flame (21)
 u - a wand of mindburst (5)
 C - a wand of digging (1)
 G - a wand of quicksilver (8)
 H - a wand of polymorph (3)
Scrolls
 o - 2 scrolls of summoning
 r - 2 scrolls of amnesia
 v - a scroll of enchant armour
 x - 6 scrolls of teleportation
 B - 2 scrolls of fear
 N - a scroll of fog
Potions
 e - 8 potions of curing
 g - 5 potions of ambrosia
 h - 3 potions of flight
 k - a potion of heal wounds
 n - 4 potions of magic
 p - 2 potions of brilliance
 s - a potion of resistance
 t - 4 potions of mutation
 z - 2 potions of might
 K - a potion of haste
Miscellaneous
 E - a condenser vane
 M - a tin of tremorstones (2/2)


   Skills:
 + Level 8.9 Fighting
 + Level 8.9(11.9) Short Blades
 + Level 8.9(11.9) Long Blades
 + Level 8.9(11.9) Axes
 + Level 8.9(11.9) Maces & Flails
 + Level 8.9(11.9) Polearms
 + Level 8.9(11.9) Staves
 + Level 8.9 Slings
 + Level 8.9 Bows
 + Level 8.9 Crossbows
 + Level 8.9 Throwing
 + Level 8.9(13.6) Armour
 + Level 10.0(13.0) Dodging
 + Level 9.8(12.8) Stealth
 + Level 8.9(13.6) Shields
 + Level 8.9(11.9) Unarmed Combat
 + Level 10.2 Spellcasting
 + Level 7.4(10.4) Conjurations
 + Level 7.4(10.4) Hexes
 + Level 7.4 Summonings
 + Level 7.4 Necromancy
 + Level 7.4(10.4) Translocations
 + Level 7.4 Transmutations
 + Level 7.4(10.4) Fire Magic
 + Level 10.3(13.2) Ice Magic
 + Level 7.4(10.4) Air Magic
 + Level 7.4(10.4) Earth Magic
 + Level 7.4 Poison Magic
 + Level 9.7 Invocations
 + Level 8.9(11.9) Evocations


You had 24 spell levels left.
You knew the following spells:

 Your Spells              Type           Power      Damage    Failure   Level
a - Freeze                Ice            100%       1d11      1%          1
b - Frozen Ramparts       Ice            100%       1d12      1%          3
c - Ozocubu's Armour      Ice            57%        N/A       1%          3
d - Scorch                Fire           98%        2d10      1%          2

Your spell library contained the following spells:

 Spells                   Type           Power      Damage    Failure   Level
 Portal Projectile        Hex/Tloc       98%        N/A       1%          3
 Tukima's Dance           Hex            49%        N/A       1%          3
 Flame Wave               Conj/Fire      49%        2d10      1%          4
 Hailstorm                Conj/Ice       53%        3d12      1%          4
 Corpse Rot               Necr/Pois/Air  41%        N/A       2%          4
 Dispel Undead            Necr           37%        3d15      4%          4
 Blade Hands              Tmut           18%        N/A       11%         5
 Ozocubu's Refrigeration  Ice            28%        4d10      30%         7
 Death Channel            Necr           18%        N/A       52%         6
 Summon Cactus Giant      Summ           18%        N/A       52%         6


Dungeon Overview and Level Annotations

Branches:
Dungeon (10/15)            Temple (1/1) D:7            Lair (4/6) D:9
  IceCv (visited)         Volcano (visited)
  Swamp: Lair:2-4    Shoals: Lair:2-4     Snake: Lair:2-4    Spider: Lair:2-4
    Orc: D:9-12

Altars:
Ashenzari
Cheibriados
Dithmenos
Elyvilon
Fedhas
Gozag
Hepliaklqana
Kikubaaqudgha
Makhleb
Nemelex Xobeh
Okawaru
Qazlal
Ru
Sif Muna
Trog
Uskayaw
Vehumet
Wu Jian
Xom
Yredelemnul
Zin
The Shining One

Shops:
D:6 *   D:7 [   D:8 [

Portals:
Abyss: D:6

Annotations:
D:6 2 transporters, Mania's ghost, novice MeCK
Lair:2 Gastronok
Lair:4 1 transporter


Innate Abilities, Weirdness & Mutations

You have very sharp teeth.
Your uncanny sense of smell can sniff out nearby items.
Your experience applies equally to all skills.


Message History

* * * LOW HITPOINT WARNING * * *
Really walk into that net trap?
Okay, then.
Unknown command.
You sock the briar patch! You burn the briar patch.
You destroy the briar patch!
The swamp worm fires a harpoon shot at you.
The harpoon shot hits you!
* * * LOW HITPOINT WARNING * * *
You are yanked forward by the harpoon shot.
You violently stop moving!
* * * LOW HITPOINT WARNING * * *
The swamp worm fires a harpoon shot at you.
The harpoon shot misses you.
You are confused.
You feel invigorated.
The swamp worm fires a harpoon shot at you.
The harpoon shot misses you.
You are too confused!
Unknown command.
You are too confused!
Unknown command.
Unknown command.
Unknown command.
You feel better.
You feel less invigorated.
The swamp worm fires a harpoon shot at you.
The harpoon shot hits you.
* * * LOW HITPOINT WARNING * * *
You are yanked forward by the harpoon shot.
You violently stop moving!
* * * LOW HITPOINT WARNING * * *
As you read the scroll of teleportation, it crumbles to dust.
You feel strangely unstable.
The swamp worm fires a harpoon shot at you.
The harpoon shot hits you!
* * * LOW HITPOINT WARNING * * *
You are yanked forward by the harpoon shot.
You collide with the briar patch!
The briar patch is heavily damaged.
You die...

..####.#.....#[©"#..###.#.##...##
..* #.#.....#/)$#..# ##.###....#
, ###...####+####. ######..## ,
#....##≈P☼P≈w*.# #..#
##[...#w§P^P≈#*.## #...
#.#...###☼^P≈♣ .# #...# ,
##....#♣≈P§§###.#* * .##
##.#.##≈P§P§w#.# ** ,, *
#....#w≈P§@≈# ,**#* * ,,* *
##.#.##≈.^.§♣ .., ,,
###.###P©P###.# * * ** ,*
####.#....#####..#* , *
#.P.(.......©...# ** * ,
,...P.>..........# *
,,.....#.P#.##....# , *,
.........####P..# ** ,, ,
###..P##.* #...#** , ,


You could see 4 swamp worms.

Vanquished Creatures
  Josephine (Lair:4)
  Fannar (Lair:2)
  A hydra (D:9)
  2 ironbound frosthearts (IceCv)
  A two-headed ogre (D:10)
  A centaur warrior (D:8)
  7 death yaks
  Pikel (D:8)
  An ugly thing (D:9)
  An ice statue (IceCv)
  A torpor snail (Lair:3)
  Joseph (D:8)
  5 cane toads
  A black mamba (Lair:1)
  2 yaktaurs (Volcano)
  A rime drake (Lair:1)
  A kobold demonologist (D:8)
  3 komodo dragons
  A queen bee (Lair:2)
  3 hornets
  11 polar bears
  A troll (D:9)
  Prince Ribbit (Lair:2)
  11 blink frogs
  52 yaks
  5 fire bats (Volcano)
  2 wyverns (D:9)
  4 wraiths
  4 steam dragons
  3 vampire mosquitoes (D:8)
  5 basilisks
  2 swamp worms (Lair:3)
  17 water moccasins
  3 orc warriors
  25 wolves
  3 black bears
  6 centaurs
  2 lemures (D:8)
  12 kobold brigands
  5 bullfrogs
  Blork the orc (D:6)
  2 necrophages
  8 scorpions
  36 killer bees
  6 electric eels (D:8)
  A howler monkey (D:3)
  5 lava snakes (Volcano)
  6 orc priests
  3 hounds
  A gnoll shaman (D:5)
  2 jellies
  An iguana (D:6)
  Ijyb (D:4)
  4 orc wizards
  3 gnolls (D:2)
  10 adders
  A river rat (D:5)
  2 shadow imps (D:8)
  An ufetubus (D:5)
  3 worms
  3 dart slugs
  29 orcs
  3 ball pythons
  5 endoplasms
  7 goblins
  6 hobgoblins
  7 jackals
  7 quokkas
  10 bats
  4 frilled lizards
  58 kobolds
  6 kobold skeletons (D:8)
  12 kobold zombies (D:8)
  6 rats
  A briar patch (Lair:4)
471 creatures vanquished.

Vanquished Creatures (others)
  2 briar patches (Lair:4)
  10 fungi
  71 plants
83 creatures vanquished.

Grand Total: 554 creatures vanquished

Notes
Turn   | Place    | Note
-------+----------+-------------------------------------------
     0 | D:1      | wilfster70 the Gnoll Ice Elementalist began the quest for
                  | the Orb.
     0 | D:1      | Reached XP level 1. HP: 13/13 MP: 6/6
   156 | D:1      | Reached XP level 2. HP: 17/19 MP: 2/7
   660 | D:1      | Reached XP level 3. HP: 25/25 MP: 6/9
   664 | D:1      | Learned a level 3 spell: Frozen Ramparts
   668 | D:1      | Learned a level 3 spell: Ozocubu's Armour
   675 | D:1      | Reached skill level 5 in Spellcasting
  1170 | D:2      | Reached skill level 1 in Invocations
  1356 | D:2      | You fall into a shaft and drop 2 floors!
  1399 | D:4      | Reached skill level 1 in Fighting
  1399 | D:4      | Reached skill level 1 in Short Blades
  1399 | D:4      | Reached skill level 1 in Long Blades
  1399 | D:4      | Reached skill level 1 in Axes
  1399 | D:4      | Reached skill level 1 in Maces & Flails
  1399 | D:4      | Reached skill level 1 in Polearms
  1399 | D:4      | Reached skill level 1 in Staves
  1399 | D:4      | Reached skill level 1 in Slings
  1399 | D:4      | Reached skill level 1 in Bows
  1399 | D:4      | Reached skill level 1 in Crossbows
  1399 | D:4      | Reached skill level 1 in Throwing
  1399 | D:4      | Reached skill level 1 in Armour
  1399 | D:4      | Reached skill level 1 in Shields
  1399 | D:4      | Reached skill level 1 in Unarmed Combat
  1399 | D:4      | Reached skill level 1 in Evocations
  1399 | D:4      | Reached XP level 4. HP: 32/32 MP: 4/11
  1615 | D:4      | Noticed a scorpion
  1624 | D:3      | Killed a scorpion
  1625 | D:3      | Reached skill level 1 in Conjurations
  1625 | D:3      | Reached skill level 1 in Hexes
  1625 | D:3      | Reached skill level 1 in Summonings
  1625 | D:3      | Reached skill level 1 in Necromancy
  1625 | D:3      | Reached skill level 1 in Translocations
  1625 | D:3      | Reached skill level 1 in Transmutations
  1625 | D:3      | Reached skill level 1 in Fire Magic
  1625 | D:3      | Reached skill level 1 in Air Magic
  1625 | D:3      | Reached skill level 1 in Earth Magic
  1625 | D:3      | Reached skill level 1 in Poison Magic
  1625 | D:3      | Reached XP level 5. HP: 24/37 MP: 5/12
  1729 | D:3      | Reached XP level 6. HP: 34/44 MP: 10/13
  2001 | D:3      | Reached skill level 5 in Dodging
  2170 | D:3      | Found a faded altar of an unknown god.
  2857 | D:3      | Found a sparkling altar of Nemelex Xobeh.
  3240 | D:4      | Reached XP level 7. HP: 49/50 MP: 9/15
  3313 | D:4      | Found a basalt altar of Yredelemnul.
  3378 | D:4      | Noticed Ijyb
  3379 | D:4      | Noticed a steam dragon
  3404 | D:4      | Killed Ijyb
  3433 | D:4      | Killed a steam dragon
  3472 | D:4      | Reached skill level 5 in Stealth
  3600 | D:5      | Entered Level 5 of the Dungeon
  3601 | D:5      | Identified a scroll of acquirement
  3601 | D:5      | Acquired a +1 cloak of poison resistance
  3872 | D:5      | Reached XP level 8. HP: 37/57 MP: 16/16
  3895 | D:5      | Learned a level 2 spell: Scorch
  4213 | D:5      | Found a glowing drain.
  4782 | D:6      | Found a transporter.
  4783 | D:6      | Found a transporter.
  4802 | D:6      | Noticed Mania's ghost (novice MeCK)
  4966 | D:6      | Found a one-way gate to the infinite horrors of the Abyss.
  4999 | D:6      | Noticed Blork the orc
  5009 | D:6      | Killed Blork the orc
  5010 | D:6      | Reached XP level 9. HP: 65/65 MP: 18/18
  5193 | D:6      | Found Tuwk's General Store.
  5231 | D:6      | Found an ornate altar of the Wu Jian Council.
  5702 | D:7      | Noticed a hornet
  5709 | D:7      | Killed a hornet
  5802 | D:7      | Noticed a hornet
  5813 | D:7      | Killed a hornet
  6036 | D:7      | Found a staircase to the Ecumenical Temple.
  6041 | Temple   | Entered the Ecumenical Temple
  6050 | Temple   | Became a worshipper of Ashenzari the Shackled
  6110 | D:7      | Found an iron altar of Okawaru.
  6111 | D:7      | Found a bloodstained altar of Trog.
  6254 | D:7      | Found a sacrificial altar of Ru.
  6307 | D:7      | Found Tanenaga's Dragon-Slaying Spoils.
  6529 | D:8      | Reached skill level 5 in Invocations
  6577 | D:8      | Found an ancient bone altar of Kikubaaqudgha.
  6577 | D:8      | Noticed a kobold demonologist
  6831 | D:8      | Killed a kobold demonologist
  6832 | D:8      | Reached XP level 10. HP: 73/73 MP: 11/20
  7219 | D:8      | Reached skill level 5 in Fighting
  7219 | D:8      | Reached skill level 5 in Short Blades
  7219 | D:8      | Reached skill level 5 in Long Blades
  7219 | D:8      | Reached skill level 5 in Axes
  7219 | D:8      | Reached skill level 5 in Maces & Flails
  7219 | D:8      | Reached skill level 5 in Polearms
  7219 | D:8      | Reached skill level 5 in Staves
  7219 | D:8      | Reached skill level 5 in Slings
  7219 | D:8      | Reached skill level 5 in Bows
  7219 | D:8      | Reached skill level 5 in Crossbows
  7219 | D:8      | Reached skill level 5 in Throwing
  7219 | D:8      | Reached skill level 5 in Armour
  7219 | D:8      | Reached skill level 5 in Shields
  7219 | D:8      | Reached skill level 5 in Unarmed Combat
  7219 | D:8      | Reached skill level 5 in Evocations
  7268 | D:8      | Found Efeafiot's Armour Shoppe.
  7297 | D:8      | Noticed Joseph
  7319 | D:8      | Killed Joseph
  7525 | D:8      | Found a shimmering altar of Xom.
  8182 | D:9      | Noticed a red ugly thing
  8191 | D:9      | Killed a red ugly thing
  8239 | D:9      | Noticed a six-headed hydra
  8246 | D:9      | Noticed a centaur warrior
  8253 | D:9      | Killed a six-headed hydra
  8315 | D:8      | Killed a centaur warrior
  8509 | D:9      | Noticed Pikel
  8528 | D:8      | Killed Pikel
  8529 | D:8      | Reached XP level 11. HP: 70/81 MP: 18/22
  8723 | D:9      | Found a staircase to the Lair.
  8735 | D:9      | Reached skill level 5 in Conjurations
  8735 | D:9      | Reached skill level 5 in Hexes
  8735 | D:9      | Reached skill level 5 in Summonings
  8735 | D:9      | Reached skill level 5 in Necromancy
  8735 | D:9      | Reached skill level 5 in Translocations
  8735 | D:9      | Reached skill level 5 in Transmutations
  8735 | D:9      | Reached skill level 5 in Fire Magic
  8735 | D:9      | Reached skill level 5 in Air Magic
  8735 | D:9      | Reached skill level 5 in Earth Magic
  8735 | D:9      | Reached skill level 5 in Poison Magic
  9123 | D:9      | Reached * piety under Ashenzari
  9281 | D:9      | Found a basalt altar of Yredelemnul.
  9588 | D:10     | Entered Level 10 of the Dungeon
  9675 | D:10     | Noticed a two-headed ogre
  9694 | D:10     | Killed a two-headed ogre
  9962 | D:10     | Reached ** piety under Ashenzari
 10393 | D:10     | Identified the +3 hand axe of Crawling {elec, Will+}
 10487 | Lair:1   | Entered Level 1 of the Lair of Beasts
 10578 | Lair:1   | Noticed Sonja
 10579 | Lair:1   | Noticed Sonja
 10579 | Lair:1   | Sonja changed into Sonja the polar bear
 10593 | Lair:1   | Killed Sonja the polar bear
 10800 | Lair:1   | Reached XP level 12. HP: 76/89 MP: 20/24
 10941 | Lair:1   | Reached *** piety under Ashenzari
 11613 | Lair:2   | Noticed Fannar
 11663 | Lair:2   | Killed Fannar
 11671 | Lair:2   | Reached **** piety under Ashenzari
 11684 | Lair:2   | Found a frozen archway.
 11710 | IceCv    | Entered an ice cave
 11910 | IceCv    | Noticed a death yak
 11940 | IceCv    | Killed a death yak
 12125 | IceCv    | Noticed a death yak
 12126 | IceCv    | Noticed a death yak
 12128 | IceCv    | Noticed a death yak
 12137 | IceCv    | Killed a death yak
 12138 | IceCv    | Reached XP level 13. HP: 71/98 MP: 20/26
 12444 | IceCv    | HP: 2/98 [death yak (10)]
 12737 | Lair:2   | Noticed Prince Ribbit
 12746 | Lair:2   | Reached skill level 10 in Ice Magic
 12778 | Lair:2   | Killed Prince Ribbit
 12808 | Lair:2   | Noticed Gastronok
 12898 | Lair:2   | Found a broken altar of Ashenzari.
 13579 | Lair:3   | Reached skill level 10 in Spellcasting
 13606 | Lair:3   | Found a dark tunnel.
 13615 | Volcano  | Entered a volcano
 13769 | Volcano  | HP: 3/99 [hell knight/+1 halberd of flaming (3)]
 13781 | Volcano  | HP: 1/99 [centaur warrior/arrow (4)]
 13788 | Volcano  | Found a burning altar of Makhleb.
 13886 | Volcano  | Found a radiant altar of Vehumet.
 14693 | Lair:4   | Identified the +8 flail "Demonbane" {flame, rPois Dex+5}
 14716 | Lair:4   | Identified the +3 helmet "Pol Zisi" {Will+ Str+10 Int-2
                  | SInv}
 14717 | Lair:4   | Found a transporter.
 14720 | Lair:4   | Identified the amulet "Mocoont" {Spirit rF- rN+ Str+6}
 14748 | Lair:4   | Reached skill level 10 in Dodging
 14749 | Lair:4   | Reached XP level 14. HP: 106/106 MP: 25/28
 14755 | Lair:4   | Noticed Josephine
 14766 | Lair:4   | Killed Josephine
 14804 | Lair:4   | Found a transporter.
 14836 | Lair:4   | Collided with a briar patch

Illustrated notes

Levels and vault maps discovered:
D:1:      matt_arrival_spirals, layout_rooms, minmay_misc_feat_doors,
          minmay_misc_feat_more_columns
D:2:      layout_loops_ring
D:3:      layout_loops_ring, mainiacjoe_overflow_surrounded_room,
          shapermc_ecumenical_altar_pompeii
D:4:      layout_rooms, kennysheep_mini_moat, uniq_ijyb
D:5:      minmay_clustersquares, layout_loops_corners, portal_sewer_entry_c
D:6:      black_bear_nest_2, layout_loops_cross, nicolae_wu_jian_wuxing_cycle,
          gammafunk_ghost_abyssal_escape, serial_shops, shop, lightli_minifort,
          uniq_blork_the_orc
D:7:      layout_gridville, mainiacjoe_overflow_brackets,
          grunt_temple_overflow_bloody_war, temple_doors_e,
          nicolae_shop_dragon_depot, hex_medium, dreamdust_princess_bridge
D:8:      wander_kiku_kobolds, layout_loops_ring, overflow_temple_1_default,
          serial_bayou, serial_bayou_pond_a, serial_bayou_lagoon_a,
          serial_bayou_shore_a, serial_bayou_lake_a, serial_shops,
          nicolae_shop_hallway_plus, enter_bailey_2, uniq_joseph
D:9:      cheibrodos_steamvent, layout_basic, minmay_lair_entry_grove,
          minmay_ruined_shrine, uniq_pikel
D:10:     layout_small_grid, evilmike_butchery
Temple:   minmay_freezing_vapour_temple
Lair:1:   layout_gridlike, serial_rivers, chequers_serial_rivers_large_b,
          chequers_serial_rivers_room_a, chequers_serial_rivers_micro_e,
          chequers_serial_rivers_micro_d, chequers_serial_rivers_micro_d,
          grunt_megastairs_5, infiniplex_staircase_pool_2, lemuel_fruit_fields,
          uniq_sonja
Lair:2:   layout_roguey [special_room_bee], special_room, basic_altar,
          portal_ice_cave_entry_pillars_1, uniq_prince_ribbit2, uniq_fannar,
          uniq_gastronok
Lair:3:   layout_hall_layers, palyth_hydra_swamp_entry,
          lightli_volcano_entry_magma_tube, beast_lair_carwin_10,
          lemuel_fruit_tree
Lair:4:   gammafunk_worm_tunnel, layout_loops_ring,
          minmay_snake_entry_spellcaster, serial_bayou_shore_b, uniq_josephine

Skill      XL: |  1  2  3  4  5  6  7  8  9 10 11 12 13 |
---------------+----------------------------------------+-----
Spellcasting   | 5 6 7 8 9 10 | 10.2
Invocations    | 1 2 3 4 5 6 7 8 9 |  9.7
Fighting       | 1 2 3 4 5 6 7 8 |  8.9
Short Blades   | 1 2 3 4 5 6 7 8 |  8.9
Long Blades    | 1 2 3 4 5 6 7 8 |  8.9
Axes           | 1 2 3 4 5 6 7 8 |  8.9
Maces & Flails | 1 2 3 4 5 6 7 8 |  8.9
Polearms       | 1 2 3 4 5 6 7 8 |  8.9
Staves         | 1 2 3 4 5 6 7 8 |  8.9
Slings         | 1 2 3 4 5 6 7 8 |  8.9
Bows           | 1 2 3 4 5 6 7 8 |  8.9
Crossbows      | 1 2 3 4 5 6 7 8 |  8.9
Throwing       | 1 2 3 4 5 6 7 8 |  8.9
Armour         | 1 2 3 4 5 6 7 8 |  8.9
Shields        | 1 2 3 4 5 6 7 8 |  8.9
Unarmed Combat | 1 2 3 4 5 6 7 8 |  8.9
Evocations     | 1 2 3 4 5 6 7 8 |  8.9
Conjurations   | 1 2 3 4 5 6 7 |  7.4
Hexes          | 1 2 3 4 5 6 7 |  7.4
Summonings     | 1 2 3 4 5 6 7 |  7.4
Necromancy     | 1 2 3 4 5 6 7 |  7.4
Translocations | 1 2 3 4 5 6 7 |  7.4
Transmutations | 1 2 3 4 5 6 7 |  7.4
Fire Magic     | 1 2 3 4 5 6 7 |  7.4
Air Magic      | 1 2 3 4 5 6 7 |  7.4
Earth Magic    | 1 2 3 4 5 6 7 |  7.4
Poison Magic   | 1 2 3 4 5 6 7 |  7.4
Dodging        | 5 6 7 8 9 10 | 10.0
Stealth        | 5 6 7 8 9 |  9.8
Ice Magic      | 8 9 10 | 10.3

Action                   |  1- 3 |  4- 6 |  7- 9 | 10-12 | 13-15 || total
-------------------------+-------+-------+-------+-------+-------++-------
Melee: Dagger            |    17 |       |       |       |       ||    17
       Mace              |       |     6 |   142 |   332 |   166 ||   646
       Bite              |       |       |    22 |    40 |    35 ||    97
       Flail             |       |       |       |       |    19 ||    19
 Fire: Hunting sling     |     6 |    58 |    18 |   192 |   141 ||   415
 Cast: Freeze            |    46 |    20 |     1 |       |       ||    67
       Frozen Ramparts   |     1 |    19 |    40 |    71 |    41 ||   172
       Scorch            |       |       |     7 |    11 |     7 ||    25
       Ozocubu's Armour  |       |       |     4 |    14 |     6 ||    24
Invok: Curse Item        |       |       |       |     6 |     2 ||     8
       Shatter the Chain |       |       |       |     1 |       ||     1
Evoke: Wand              |       |       |     3 |     7 |     4 ||    14
       Condenser vane    |       |       |       |       |     1 ||     1
  Use: Scroll            |     7 |     6 |     7 |     6 |     6 ||    32
       Potion            |       |       |       |       |    13 ||    13
 Stab: Sleeping          |     5 |       |       |     1 |     1 ||     7
Armor: Robe              |     6 |    10 |    59 |   145 |   113 ||   333
Dodge: Dodged            |    30 |    33 |   113 |   401 |   285 ||   862
Block: Buckler           |     9 |    18 |    63 |   180 |   183 ||   453

Table legend: (Time is in decaauts)
 A = Elapsed time spent in this place.
 B = Non-inter-level travel time spent in this place.
 C = Inter-level travel time spent in this place.
 D = Time resting spent in this place.
 E = Time spent auto-exploring this place.
 F = Levels seen in this place.
 G = Mean time per level.
                   A        B        C        D        E       F      G
               +--------+--------+--------+--------+--------+-----+--------+
         Total |  15082 |  14669 |    413 |   2282 |   5964 |  17 |  887.2 |
       Dungeon |  10648 |  10296 |    352 |   1858 |   4365 |  10 | 1064.8 |
        Temple |     14 |      9 |      5 |      0 |      0 |   1 |   14.0 |
          Lair |   3153 |   3097 |     56 |    216 |   1494 |   4 |  788.2 |
      Ice Cave |    942 |    942 |      0 |    157 |     99 |   1 |  942.0 |
       Volcano |    322 |    322 |      0 |     51 |      5 |   1 |  322.0 |
               +--------+--------+--------+--------+--------+-----+--------+

Top non-repeatable levels by time:
     D:8: 1902 daAuts
  Lair:1: 1188 daAuts
     D:9: 1179 daAuts
     D:3: 1118 daAuts
     D:5: 1114 daAuts
     D:1: 986 daAuts
     D:6: 976 daAuts
     D:7: 971 daAuts
   IceCv: 942 daAuts
  Lair:2: 911 daAuts
  Lair:3: 889 daAuts
    D:10: 869 daAuts
     D:2: 847 daAuts
     D:4: 682 daAuts
 Volcano: 322 daAuts
